 Dungeon Sprint DCSS version 0.24.1-14-gf8d2b509d9 (webtiles) character file.

Game seed: 9472828964982527741, levelgen mode: deterministic

2321 sahdkjhfkaj the Zephyrmancer (level 9, -4/57 HPs)
             Began as a Barachi Air Elementalist on Nov 18, 2020.
             Was an Elder of Cheibriados.
             Slain by a two-headed ogre
             ... wielding a +0 giant club
              (27 damage)
             ... in the Dungeon (Sprint III: "The Ten Rune Challenge").
             The game lasted 00:05:13 (1899 turns).

sahdkjhfkaj the Zephyrmancer (BaAE)                 Turns: 1899, Time: 00:05:13

Health: -4/57      AC:  3    Str: 19    XL:     9   Next: 41%
Magic:  20/23      EV: 13    Int: 28    God:    Cheibriados [****..]
Gold:   25         SH:  0    Dex: 24    Spells: 13/28 levels left

rFire    . . .     SeeInvis .   (no weapon)
rCold    . . .     Gourm    .   (no shield)
rNeg     . . .     Faith    .   a - +0 robe
rPois    .         Spirit   .   (no helmet)
rElec    .         Reflect  .   b - +0 cloak (curse)
rCorr    .         Harm     .   (no gloves)
MR       .....     NoTele   +   (no boots)
Stlth    ++........             (no amulet)
HPRegen  0.19/turn              (no ring)
MPRegen  0.18/turn              (no ring)

@: very slow
A: +LOS, swims, slowness 1, strong legs 1
a: Hop, Bend Time, Temporal Distortion, Slouch, Renounce Religion


You were in the Dungeon.
You worshipped Cheibriados.
Cheibriados was greatly pleased with you.
You were not hungry.

You visited 1 branch You collected 25 gold pieces.

Inventory:

Armour
 a - a +0 robe (worn)
 b - a cursed +0 cloak (worn)
Scrolls
 e - 2 scrolls of holy word {!r, unknown}
 j - 4 scrolls of identify {!r}
 k - 3 scrolls of remove curse {!r}
Potions
 d - 2 potions of curing {!q}
 g - a potion of magic {!q}
 h - a potion of berserk rage {!q}
 l - 4 potions of flight {!q}
 m - 6 potions of mutation {!q}
Miscellaneous
 c - a lightning rod (4/4)
Comestibles
 f - 2 rations


   Skills:
 - Level 2.1 Dodging
 - Level 1.7 Stealth
 - Level 10.0 Spellcasting
 + Level 13.9 Conjurations
 + Level 14.2 Air Magic


You had 13 spell levels left.
You knew the following spells:

 Your Spells              Type           Power        Failure   Level  Hunger
a - Shock                 Conj/Air       ####         0%          1    None
b - Airstrike             Air            #######...   1%          4    None
d - Lightning Bolt        Conj/Air       #######...   1%          5    ###....
A - Static Discharge      Conj/Air       #######.     1%          3    None
W - Swiftness             Chrm/Air       ######..     1%          2    None

Your spell library contained the following spells:

 Spells                   Type           Power        Failure   Level  Hunger
 Magic Dart               Conj           ####         0%          1    None
 Conjure Flame            Conj/Fire      ######..     1%          3    None
 Mephitic Cloud           Conj/Pois/Air  ######..     1%          3    None
 Confusing Touch          Hex            ##....       4%          1    None
 Blink                    Tloc           N/A          6%          2    None
 Call Imp                 Summ           ##......     6%          2    None
 Slow                     Hex            ##......     6%          2    None
 Confuse                  Hex            ##......     12%         3    None
 Gell's Gravitas          Tloc           ##........   12%         3    None
 Petrify                  Tmut/Erth      ##......     36%         4    None
 Metabolic Englaciation   Hex/Ice        ##........   73%         5    ###....
 Yara's Violent Unravell  Hex/Tmut       ##........   73%         5    ###....


Dungeon Overview and Level Annotations

Branches:
Dungeon (1/1)

Altars:
Cheibriados
Dithmenos
Elyvilon
Fedhas
Gozag
Hepliaklqana
Kikubaaqudgha
Makhleb
Nemelex Xobeh
Okawaru
Qazlal
Ru
Sif Muna
Trog
Uskayaw
Vehumet
Wu Jian
Xom
Yredelemnul
Zin
The Shining One
Beogh
Jiyva
Lugonu


Innate Abilities, Weirdness & Mutations

Shadows flee at your approach. (+LOS)
You can swim through water.
You cover ground slowly.
You can hop short distances.


Message History

[the floor.]
Okay, then.
Okay, then.
Casting: Lightning Bolt (safe; 1% risk of failure)
Confirm with . or Enter, or press ? or * to list all spells.
Aiming: Lightning Bolt (safe; 1% risk of failure)
Press: ? - help, Shift-Dir - straight line, f - two-headed ogre
Aim: a two-headed ogre, wielding a +0 giant club and a +0 giant spiked club (lightly wounded)
Okay, then.
Unknown command.
Casting: Lightning Bolt (safe; 1% risk of failure)
Confirm with . or Enter, or press ? or * to list all spells.
The two-headed ogre is struck by an arc of lightning!
The two-headed ogre is moderately wounded.
You are struck by an arc of lightning.
* * * LOW HITPOINT WARNING * * *
The lightning grounds out.
The two-headed ogre completely misses you.
The two-headed ogre hits you with a +0 giant spiked club!!
You die...

..###'#'###'## ..#.)........#
..'.⌠........# ..#...######'#
..#.⌠.#__#...#+##############
..#...#__#...#....#.#.#.s.s.#
..#)###__#..)##.#..#.##.###.#
..#...#__#...'##O#.#.##.#OO##
..#___#__'..)#).@#..#†.##.O
▓▓▓▓▓▓▓▓▓▓▓▓▓▓▓▓▓▓▓▓▓▓▓▓▓▓▓


You could see a two-headed ogre.

Vanquished Creatures
  Erolcha (D)
  A deep elf mage (D)
  A redback (D)
  A shadow (D)
  A spatial vortex (D)
  A necrophage (D)
  3 two-headed ogres (D)
  A water elemental (D)
  A jelly (D)
  Crazy Yiuf (D)
  Jessica (D)
  A necromancer (D)
  A wizard (D)
  A kobold demonologist (D)
  3 humans (D)
  An ooze (D)
  2 rats (D)
22 creatures vanquished.

Vanquished Creatures (others)
  2 draconian scorchers (D)
  A yaktaur (D)
  6 hellions (D)
  An electric eel (D)
10 creatures vanquished.

Grand Total: 32 creatures vanquished

Notes
Turn   | Place    | Note
-------+----------+-------------------------------------------
     0 | D        | sahdkjhfkaj the Barachi Air Elementalist began the quest
                  | for the Orb.
     0 | D        | Reached XP level 1. HP: 13/13 MP: 3/3
    23 | D        | Reached skill level 4 in Air Magic
    84 | D        | Killed a hellion
    96 | D        | Killed a hellion
    97 | D        | Noticed Jessica
   109 | D        | Killed Jessica
   109 | D        | Reached skill level 5 in Air Magic
   109 | D        | Reached XP level 2. HP: 19/19 MP: 1/7
   109 | D        | Reached XP level 3. HP: 24/24 MP: 1/8
   130 | D        | Killed a hellion
   173 | D        | Killed a yaktaur
   174 | D        | Killed a hellion
   187 | D        | Learned a level 3 spell: Static Discharge
   193 | D        | Killed a white draconian scorcher
   223 | D        | Killed a hellion
   237 | D        | Killed a white draconian scorcher
   254 | D        | Learned a level 2 spell: Swiftness
   300 | D        | Noticed Crazy Yiuf
   308 | D        | HP: 1/24 [Crazy Yiuf/+3 quarterstaff of chaos (4)]
   314 | D        | Killed Crazy Yiuf
   314 | D        | Reached skill level 5 in Spellcasting
   314 | D        | Reached skill level 5 in Conjurations
   314 | D        | Reached skill level 6 in Air Magic
   314 | D        | Reached XP level 4. HP: 30/30 MP: 0/11
   314 | D        | Killed a hellion
   499 | D        | Learned a level 4 spell: Airstrike
   499 | D        | Noticed a water elemental
   527 | D        | Killed a water elemental
   527 | D        | Reached skill level 7 in Air Magic
   527 | D        | Reached XP level 5. HP: 15/35 MP: 0/12
   833 | D        | Noticed a shadow
   835 | D        | Killed a shadow
   835 | D        | Reached skill level 9 in Air Magic
   835 | D        | Reached XP level 6. HP: 41/41 MP: 5/16
   914 | D        | Found a blossoming altar of Fedhas.
   914 | D        | Found a stormy altar of Qazlal.
   914 | D        | Found a snail-covered altar of Cheibriados.
   914 | D        | Found a burning altar of Makhleb.
   914 | D        | Found a shimmering altar of Xom.
   914 | D        | Noticed a spatial vortex
   915 | D        | Found a hazy altar of Hepliaklqana.
   915 | D        | Found an opulent altar of Gozag.
   915 | D        | Found a sparkling altar of Nemelex Xobeh.
   915 | D        | Found a corrupted altar of Lugonu.
   915 | D        | Found a viscous altar of Jiyva.
   919 | D        | Became a worshipper of Cheibriados the Contemplative
   921 | D        | Killed a spatial vortex
   921 | D        | Reached skill level 10 in Air Magic
   921 | D        | Reached XP level 7. HP: 46/46 MP: 0/18
  1052 | D        | Learned a level 5 spell: Lightning Bolt
  1055 | D        | Found a glowing silver altar of Zin.
  1059 | D        | Noticed a deep elf mage
  1062 | D        | Killed a deep elf mage
  1062 | D        | Reached * piety under Cheibriados
  1062 | D        | Reached skill level 10 in Conjurations
  1062 | D        | Reached skill level 11 in Air Magic
  1230 | D        | Noticed a human
  1230 | D        | Noticed a human
  1238 | D        | Killed a human
  1238 | D        | Reached XP level 8. HP: 35/52 MP: 10/21
  1244 | D        | Reached ** piety under Cheibriados
  1244 | D        | Reached skill level 10 in Spellcasting
  1366 | D        | Found a roughly hewn altar of Beogh.
  1369 | D        | Found a glowing golden altar of the Shining One.
  1369 | D        | Found a white marble altar of Elyvilon.
  1370 | D        | Found a hide-covered altar of Uskayaw.
  1370 | D        | Found an iron altar of Okawaru.
  1370 | D        | Found a bloodstained altar of Trog.
  1370 | D        | Found an ornate altar of the Wu Jian Council.
  1382 | D        | Found a radiant altar of Vehumet.
  1437 | D        | Found a shimmering blue altar of Sif Muna.
  1437 | D        | Found an ancient bone altar of Kikubaaqudgha.
  1455 | D        | Found a basalt altar of Yredelemnul.
  1455 | D        | Found a shadowy altar of Dithmenos.
  1455 | D        | Found a sacrificial altar of Ru.
  1457 | D        | Reached skill level 12 in Air Magic
  1458 | D        | Reached *** piety under Cheibriados
  1527 | D        | Reached **** piety under Cheibriados
  1745 | D        | Noticed a two-headed ogre
  1745 | D        | Noticed Erolcha
  1745 | D        | Noticed a two-headed ogre
  1789 | D        | Killed Erolcha
  1789 | D        | Reached skill level 14 in Air Magic
  1789 | D        | Reached XP level 9. HP: 41/57 MP: 11/23
  1899 | D        | Slain by a two-headed ogre

Levels and vault maps discovered:
D:        dungeon_sprint_mu [sprint_mu_entry_cave, sprint_mu_temple_rooms,
          sprint_mu_d1_spiders, sprint_mu_d2_genie, sprint_mu_d3_branching,
          sprint_mu_orc_legion, sprint_mu_elf_gauntlet, sprint_mu_hive_nellie,
          sprint_mu_lair_fedhas, sprint_mu_vaults_butterflies,
          sprint_mu_slime_circle, sprint_mu_shoals_kraken,
          sprint_mu_snake_twists, sprint_mu_blade_basic,
          sprint_mu_crypt_fortress, sprint_mu_tomb_spiral,
          sprint_mu_vestibule_basic, sprint_mu_gehenna_hellfire,
          sprint_mu_dis_giant, sprint_mu_tartarus_statrot,
          sprint_mu_cocytus_islands, sprint_mu_zot1]

Skill      XL: |  1  2  3  4  5  6  7  8 |
---------------+-------------------------+-----
Conjurations   | 3 5 6 8 9 11 13 | 13.9
Air Magic      | 5 6 7 9 10 11 14 | 14.2
Spellcasting   | 4 5 7 8 9 10 | 10.0
Dodging        | |  2.1
Stealth        | |  1.7

Action                   |  1- 3 |  4- 6 |  7- 9 || total
-------------------------+-------+-------+-------++-------
Melee: Unarmed           |       |       |     1 ||     1
 Cast: Shock             |    13 |     1 |       ||    14
       Static Discharge  |     3 |       |     3 ||     6
       Airstrike         |       |    11 |     3 ||    14
       Swiftness         |       |     1 |       ||     1
       Lightning Bolt    |       |       |    16 ||    16
 Abil: Hop               |     1 |       |       ||     1
  Use: Potion            |     1 |     2 |       ||     3
       Scroll            |       |       |     1 ||     1
  Eat: Ration            |       |     1 |     1 ||     2
       Chunk             |       |       |     1 ||     1
Armor: Robe              |       |     1 |       ||     1
Dodge: Dodged            |     7 |     6 |     5 ||    18
